 Dungeon Crawl Stone Soup version 0.31-a0-188-g5e087ee2ca (webtiles) character file.

Game seed: 14069088411805151754

5 lunkers the Charlatan (level 2, -1/23 HPs)
             Began as a Meteoran Wanderer on June 23, 2023.
             Slain by a kobold
             ... wielding a +0 short sword
              (3 damage)
             ... on level 2 of the Dungeon.
             The game lasted 00:00:40 (125 turns).

lunkers the Charlatan (Meteoran Wanderer)            Turns: 125, Time: 00:00:41

Health: -1/23      AC:  2    Str: 10    XL:     2   Next: 5%
Magic:  6/6        EV:  8    Int: 15    God:
Gold:   17         SH:  0    Dex: 14    Spells: 6/6 levels left

rFire   . . .        a - +2 dagger
rCold   . . .        (no shield)
rNeg    . . .        e - +0 robe
rPois   .            (no helmet)
rElec   .            (no cloak)
rCorr   .            (no gloves)
SInv    .            (no boots)
Will    .....        (no amulet)
Stlth   +            (no ring)
HPRegen 0.23/turn    (no ring)
MPRegen 0.10/turn

%: no passive effects
@: glowing, constricted
A: sense surroundings 1, otherworldly, glowing, explore regen
a: no special abilities


You were on level 2 of the Dungeon.
You visited 1 branch of the dungeon, and saw 2 of its levels.

You collected 17 gold pieces.

Inventory:

Hand Weapons
 a - a +2 dagger (weapon)
Missiles
 b - 2 curare-tipped darts
Armour
 e - a +0 robe (worn)
Wands
 c - a wand of polymorph (6)
Potions
 d - a potion of attraction


   Skills:
 - Level 1.1 Fighting
 + Level 1.4 Short Blades
 - Level 2.4 Throwing
 - Level 1.2 Armour
 - Level 2.6 Spellcasting
 - Level 4.8 Evocations


You had 6 spell levels left.
You didn't know any spells.
Your spell library contained the following spells:

 Spells                   Type           Power      Damage    Failure   Level
 Cigotuvi's Dreadful Rot  Necr/Pois/Air  4%         N/A       30%         2
 Sublimation of Blood     Necr           2%         N/A       30%         2


Dungeon Overview and Level Annotations

Branches:
Dungeon (2/15) Zot: 1074

Altars:


Innate Abilities, Weirdness & Mutations

You passively map a small area around you.
You are easily found by Zot.
You glow in the dark.
You regain HP and MP as you explore.


Message History

The kobold hits you with a +0 short sword.
You miss the kobold.
The ball python hisses angrily.
The bat hits you but does no damage. The bat hits you.
You hit the kobold but do no damage. The bat closely misses you.
The bat hits you. The bat hits you but does no damage.
The kobold hits you with a +0 short sword.
The goblin hits you with a +0 dagger.
* * * LOW HITPOINT WARNING * * *
The bat closely misses you.
You hit the goblin.
The goblin is moderately wounded.
The bat hits you.
* * * LOW HITPOINT WARNING * * *
The bat hits you.
* * * LOW HITPOINT WARNING * * *
The kobold hits you with a +0 short sword.
* * * LOW HITPOINT WARNING * * *
The goblin hits you but does no damage.
You hit the goblin.
The goblin is severely wounded.
The bat hits you but does no damage. The ball python closely misses you. x2
The kobold hits you with a +0 short sword.
* * * LOW HITPOINT WARNING * * *
The goblin hits you with a +0 dagger.
* * * LOW HITPOINT WARNING * * *
You barely miss the goblin.
The goblin is severely wounded.
The ball python closely misses you. The ball python grabs you.
The ball python constricts you. The goblin hits you with a +0 dagger.
* * * LOW HITPOINT WARNING * * *
The kobold hits you with a +0 short sword.
* * * LOW HITPOINT WARNING * * *
You barely miss the goblin.
The goblin is severely wounded.
The bat barely misses you.
The ball python bites you but does no damage.
The ball python constricts you.
The kobold hits you with a +0 short sword.
You die...

.. ... , , ,
.##.# ## ,. ,
..#...., .. *
...#.# ... *
, #..#.#..##*
, , ,
......... , *
,, #b.......
, , , ,, #S#
, * * *#@# ,,
, , ,,
#K.g.).... ,
, * *
...b#......
......(......
###..<..
.$... * *
#....#......,
#..?.#. ....
, ,
#.##.#..!...
, * , , *


You could see a goblin, 2 bats, a ball python and a kobold.

Vanquished Creatures
  A dart slug (D:1)
  A kobold (D:1)
  2 frilled lizards (D:1)
4 creatures vanquished.

Notes
Turn   | Place    | Note
-------+----------+-------------------------------------------
     0 | D:1      | lunkers the Meteoran Wanderer began the quest for the Orb.
     0 | D:1      | lunkers set off with the following items: a +2 dagger, 2
                  | curare-tipped darts, a wand of polymorph (6), a potion of
                  | attraction, a +0 robe; and the following spells available
                  | to memorise: Cigotuvi's Dreadful Rot, Sublimation of Blood.
     0 | D:1      | Reached XP level 1. HP: 16/16 MP: 5/5
   104 | D:1      | Reached skill level 1 in Short Blades
   104 | D:1      | Reached XP level 2. HP: 14/23 MP: 6/6
   124 | D:2      | HP: 1/23 [kobold/+0 short sword (2)]
   125 | D:2      | Slain by a kobold

Illustrated notes

Levels and vault maps discovered:
D:1:      dpeg_arrival_rhombus, layout_basic, minmay_misc_feat_iff,
          solitary_fountain
D:2:      layout_rooms, serial_shops, shop

Skill      XL: |  1 |
---------------+----+-----
Short Blades   | 1 |  1.4
Fighting       | |  1.1
Throwing       | |  2.4
Armour         | |  1.2
Spellcasting   | |  2.6
Evocations     | |  4.8

Action                     || total
---------------------------++-------
  Melee: Dagger            ||    14
 Armour: Robe              ||     7
  Dodge: Dodged            ||    11

Table legend: (Time is in decaauts)
 A = Elapsed time spent in this place.
 B = Non-inter-level travel time spent in this place.
 C = Inter-level travel time spent in this place.
 D = Time resting spent in this place.
 E = Time spent auto-exploring this place.
 F = Levels seen in this place.
 G = Mean time per level.
                   A        B        C        D        E       F      G
               +--------+--------+--------+--------+--------+-----+--------+
         Total |    124 |    124 |      0 |      0 |     82 |   2 |   62.0 |
       Dungeon |    124 |    124 |      0 |      0 |     82 |   2 |   62.0 |
               +--------+--------+--------+--------+--------+-----+--------+

Top non-repeatable levels by time:
     D:1: 117 daAuts
     D:2: 6 daAuts
